 Dungeon Crawl Stone Soup version 0.32-a0-921-g04a7ad8e02 (webtiles) character file.

Game seed: 8862832748933259037

513 confidenceinterval the Conjurer (level 7, -4/51 HPs)
             Began as a Gnoll Conjurer on Apr 12, 2024.
             Was an Initiate of Vehumet.
             Incinerated by a bombardier beetle (5 damage)
             ... with a burning spray
             ... on level 4 of the Dungeon.
             The game lasted 00:07:12 (5548 turns).

confidenceinterval the Conjurer (Gnoll Conjurer)    Turns: 5548, Time: 00:07:13

Health: -4/51      AC:  2    Str:  6    XL:     7   Next: 19%
Magic:  7/15       EV: 12    Int: 20    God:    Vehumet [......]
Gold:   116        SH:  0    Dex: 10    Spells: 8/17 levels left

rFire   . . .        e - +0 short sword
rCold   . . .        (no shield)
rNeg    . . .        a - +0 robe
rPois   .            (no helmet)
rElec   .            (no cloak)
rCorr   .            (no gloves)
SInv    .            (no boots)
Will    .....        (no amulet)
Stlth   +            (no ring)
HPRegen 0.28/turn    (no ring)
MPRegen 0.14/turn

%: no passive effects
@: on fire, glowing
A: fangs 1, strong nose, distributed training
a: Renounce Religion


You were on level 4 of the Dungeon.
You worshipped Vehumet.
Vehumet was noncommittal.
You visited 2 branches of the dungeon, and saw 5 of its levels.

You collected 116 gold pieces.

Inventory:

Hand Weapons
 e - a +0 short sword (weapon)
 k - a +0 war axe
Armour
 a - a +0 robe (worn)
Wands
 n - a wand of iceblast (3)
Scrolls
 i - 2 scrolls of fear
 o - a scroll of poison {unknown}
 p - a scroll of revelation
Potions
 b - a potion of magic
 c - 2 potions of mutation {unknown}
 d - a potion of heal wounds
 f - a potion of berserk rage
 g - 2 potions of resistance
 h - a potion of invisibility {unknown}
 j - a potion of attraction {unknown}
 l - a potion of might {unknown}
 m - 4 potions of degeneration {unknown}


   Skills:
 + Level 2.4 Fighting
 + Level 2.4 Short Blades
 + Level 2.4 Long Blades
 + Level 2.4 Axes
 + Level 2.4 Maces & Flails
 + Level 2.4 Polearms
 + Level 2.4 Staves
 + Level 2.4 Ranged Weapons
 + Level 2.4 Throwing
 + Level 2.4 Armour
 + Level 5.2 Dodging
 + Level 4.9 Stealth
 + Level 2.4 Shields
 + Level 2.4 Unarmed Combat
 + Level 5.6 Spellcasting
 + Level 7.4 Conjurations
 + Level 2.0 Hexes
 + Level 2.0 Summonings
 + Level 2.0 Necromancy
 + Level 2.0 Translocations
 + Level 2.0 Fire Magic
 + Level 2.0 Ice Magic
 + Level 2.0 Air Magic
 + Level 2.0 Earth Magic
 + Level 2.0 Alchemy
 + Level 2.7 Invocations
 + Level 2.4 Evocations
 + Level 2.2 Shapeshifting


You had 8 spell levels left.
You knew the following spells:

 Your Spells              Type           Power      Damage    Failure   Level
a - Magic Dart            Conj           100%       1d8       1%          1
b - Mephitic Cloud        Conj/Alch/Air  20%        N/A       7%          3
c - Searing Ray           Conj           70%        2d7       1%          2
d - Maxwell's Portable P  Tloc           13%        2d(6-17)  14%         3

Your spell library contained the following spells:

 Spells                   Type           Power      Damage    Failure   Level
 Mercury Vapours          Alch/Air       26%        N/A       8%          2
 Tukima's Dance           Hex            13%        N/A       14%         3
 Fulminant Prism          Conj/Alch      12%        3d8       16%         4
 Iskenderun's Mystic Bla Conj/Tloc 24%            2d7        (+2d3     16%         4
 Arcjolt                  Conj/Air       12%        1d22      41%         5
 Passage of Golubria      Tloc           13%        N/A       43%         4
 Freezing Cloud           Conj/Ice/Air   10%        6-21      54%         5
 Yara's Violent Unravell  Hex/Alch       6%         3d5       80%         5
 Maxwell's Capacitive Co  Air            6%         ∞         100%        8


Dungeon Overview and Level Annotations

Branches:
Dungeon (4/15)             Temple (1/1) D:4

Altars:
Ashenzari
Cheibriados
Elyvilon
Fedhas
Hepliaklqana
Kikubaaqudgha
Makhleb
Qazlal
Ru
Sif Muna
Vehumet
Wu Jian
Xom
Yredelemnul
The Shining One

Annotations:
D:4 1 runed translucent door, flt's ghost, weakling OnDe


Innate Abilities, Weirdness & Mutations

You have very sharp teeth.
Your uncanny sense of smell can sniff out nearby items.
Your experience applies equally to all skills.


Message History

The magic dart hits the sky beast.
The sky beast is lightly wounded.
The liquid fire burns you!
The magic dart hits the sky beast.
The sky beast is moderately wounded.
The liquid fire burns you!
The magic dart hits the sky beast but does no damage.
The sky beast is moderately wounded.
The liquid fire burns you! The sky beast hits you. The sky beast shocks you.
The magic dart hits the sky beast.
The sky beast is moderately wounded.
The liquid fire burns you! The sky beast hits you. The sky beast shocks you.
Unknown command.
Casting: Magic Dart (safe; 1% risk of failure)
Confirm with . or Enter, or press ? or * to list all spells.
Aiming: Searing Ray (safe; 1% risk of failure)
Press: ? - help, Shift-Dir - straight line, f/p - sky beast
Aim: a sky beast (moderately wounded, 73% to hit)
The searing ray hits the sky beast!
The sky beast is severely wounded. (Press . to maintain the ray.)
The liquid fire burns you!
* * * LOW HITPOINT WARNING * * *
The sky beast hits you but does no damage.
Unknown command.
The searing ray hits the sky beast.
The sky beast is almost dead.
The liquid fire burns you!
* * * LOW HITPOINT WARNING * * *
The sky beast hits you.
* * * LOW HITPOINT WARNING * * *
The sky beast shocks you.
* * * LOW HITPOINT WARNING * * *
The searing ray hits the sky beast!
You kill the sky beast!
Vehumet accepts your kill. The liquid fire burns you!
You die...

..##...##...#.##.#
##..##..?..##..#.##.#
....#⌠..♣...+..#.##.#
#..##..!..##..#.##.#
##...##...##...#.##.#
......##W##...##.##.#
.......###....##.##.#
....#.........##.##.####
..#
.......@.........##.....
#.#
....##†#####.....##.####
#.### . #B
############## #.#.#....
#. #.............
#.#<#... ..
#..#..#..#..#. #.#.#...
.. #.............
#†#.#..# #.>
#>............ ....#..#
#.# #.............
#.###..# #..#..#..#..#.


You could see a bombardier beetle and flt's ghost.

Vanquished Creatures
  Grinder (D:4)
  A sky beast (D:4)
  A bombardier beetle (D:3)
  2 hounds (D:4)
  2 orc priests (D:3)
  Ijyb (D:3)
  Terence (D:3)
  An iguana (D:4)
  Robin (D:3)
  3 ribbon worms
  2 dart slugs
  9 orcs
  6 bats
  3 giant cockroaches
  18 goblins
  4 hobgoblins
  A quokka (D:1)
  2 ball pythons (D:3)
  4 frilled lizards
  5 kobolds
  5 rats
73 creatures vanquished.

Notes
Turn   | Place    | Note
-------+----------+-------------------------------------------
     0 | D:1      | confidenceinterval the Gnoll Conjurer began the quest for
                  | the Orb.
     0 | D:1      | Reached XP level 1. HP: 13/13 MP: 6/6
   392 | D:1      | Reached XP level 2. HP: 19/19 MP: 3/7
  1203 | D:2      | Reached skill level 5 in Spellcasting
  1203 | D:2      | Reached XP level 3. HP: 25/25 MP: 5/9
  1620 | D:2      | Reached skill level 1 in Invocations
  2204 | D:3      | Learned a level 3 spell: Mephitic Cloud
  2286 | D:3      | Reached skill level 1 in Fighting
  2286 | D:3      | Reached skill level 1 in Short Blades
  2286 | D:3      | Reached skill level 1 in Long Blades
  2286 | D:3      | Reached skill level 1 in Axes
  2286 | D:3      | Reached skill level 1 in Maces & Flails
  2286 | D:3      | Reached skill level 1 in Polearms
  2286 | D:3      | Reached skill level 1 in Staves
  2286 | D:3      | Reached skill level 1 in Ranged Weapons
  2286 | D:3      | Reached skill level 1 in Throwing
  2286 | D:3      | Reached skill level 1 in Armour
  2286 | D:3      | Reached skill level 1 in Shields
  2286 | D:3      | Reached skill level 1 in Unarmed Combat
  2286 | D:3      | Reached skill level 1 in Evocations
  2286 | D:3      | Reached skill level 1 in Shapeshifting
  2286 | D:3      | Reached XP level 4. HP: 32/32 MP: 3/11
  2367 | D:3      | Reached skill level 1 in Hexes
  2367 | D:3      | Reached skill level 1 in Summonings
  2367 | D:3      | Reached skill level 1 in Necromancy
  2367 | D:3      | Reached skill level 1 in Translocations
  2367 | D:3      | Reached skill level 1 in Fire Magic
  2367 | D:3      | Reached skill level 1 in Ice Magic
  2367 | D:3      | Reached skill level 1 in Air Magic
  2367 | D:3      | Reached skill level 1 in Earth Magic
  2367 | D:3      | Reached skill level 1 in Alchemy
  2516 | D:3      | Noticed Terence
  2525 | D:3      | Killed Terence
  2526 | D:3      | Reached XP level 5. HP: 35/37 MP: 3/12
  2778 | D:3      | Noticed Ijyb
  2780 | D:3      | Noticed Robin
  2815 | D:3      | Killed Robin
  4509 | D:3      | Killed Ijyb
  4510 | D:3      | Reached XP level 6. HP: 38/44 MP: 0/14
  4921 | D:4      | Reached skill level 5 in Dodging
  5051 | D:4      | Learned a level 2 spell: Searing Ray
  5055 | D:4      | Learned a level 3 spell: Maxwell's Portable Piledriver
  5088 | D:4      | Noticed Grinder
  5090 | D:4      | Paralysed by Grinder for 2 turns
  5105 | D:4      | Paralysed by Grinder for 4 turns
  5111 | D:4      | Killed Grinder
  5112 | D:4      | Reached XP level 7. HP: 20/51 MP: 1/15
  5311 | D:4      | Found a staircase to the Ecumenical Temple.
  5324 | Temple   | Entered the Ecumenical Temple
  5332 | Temple   | Became a worshipper of Vehumet
  5514 | D:4      | Found a runed translucent door.
  5514 | D:4      | Noticed flt's ghost (weakling OnDe)
  5547 | D:4      | HP: 1/51 [sky beast (6)]
  5548 | D:4      | Incinerated by a bombardier beetle

Illustrated notes

Levels and vault maps discovered:
D:1:      shiori_arrival_maze, layout_basic, kennysheep_boxes
D:2:      layout_basic, kennysheep_small_spiral
D:3:      layout_basic, corexii_shack, uniq_robin, uniq_terence, uniq_ijyb
D:4:      layout_basic, temple_hall, hellmonk_ghost_happy_afterlife,
          uniq_grinder
Temple:   eino_wide_crystal_templ

Skill      XL: |  1  2  3  4  5  6  7 |
---------------+----------------------+-----
Spellcasting   | 5 |  5.6
Invocations    | 1 2 |  2.7
Fighting       | 1 2 |  2.4
Short Blades   | 1 2 |  2.4
Long Blades    | 1 2 |  2.4
Axes           | 1 2 |  2.4
Maces & Flails | 1 2 |  2.4
Polearms       | 1 2 |  2.4
Staves         | 1 2 |  2.4
Ranged Weapons | 1 2 |  2.4
Throwing       | 1 2 |  2.4
Armour         | 1 2 |  2.4
Shields        | 1 2 |  2.4
Unarmed Combat | 1 2 |  2.4
Evocations     | 1 2 |  2.4
Shapeshifting  | 1 2 |  2.2
Hexes          | 1 2 |  2.0
Summonings     | 1 2 |  2.0
Necromancy     | 1 2 |  2.0
Translocations | 1 2 |  2.0
Fire Magic     | 1 2 |  2.0
Ice Magic      | 1 2 |  2.0
Air Magic      | 1 2 |  2.0
Earth Magic    | 1 2 |  2.0
Alchemy        | 1 2 |  2.0
Dodging        | 5 |  5.2
Stealth        | |  4.9
Conjurations   | |  7.4

Action                     |  1- 3 |  4- 6 |  7- 9 || total
---------------------------+-------+-------+-------++-------
  Melee: Unarmed           |     2 |       |       ||     2
         Short sword       |     2 |    25 |    11 ||    38
         Bite              |       |     5 |     2 ||     7
   Cast: Magic Dart        |    75 |    99 |    15 ||   189
         Mephitic Cloud    |       |     4 |       ||     4
         Searing Ray       |       |     3 |     2 ||     5
  Evoke: Wand              |       |     1 |       ||     1
    Use: Scroll            |     8 |       |       ||     8
   Stab: Confused          |       |     1 |       ||     1
 Armour: Robe              |     4 |    30 |    15 ||    49
  Dodge: Dodged            |     2 |    19 |    10 ||    31

Table legend: (Time is in decaauts)
 A = Elapsed time spent in this place.
 B = Non-inter-level travel time spent in this place.
 C = Inter-level travel time spent in this place.
 D = Time resting spent in this place.
 E = Time spent auto-exploring this place.
 F = Levels seen in this place.
 G = Mean time per level.
                   A        B        C        D        E       F      G
               +--------+--------+--------+--------+--------+-----+--------+
         Total |   5543 |   5436 |    107 |   1403 |   3485 |   5 | 1108.6 |
       Dungeon |   5527 |   5427 |    100 |   1403 |   3485 |   4 | 1381.8 |
        Temple |     15 |      8 |      7 |      0 |      0 |   1 |   15.0 |
               +--------+--------+--------+--------+--------+-----+--------+

Top non-repeatable levels by time:
     D:3: 2698 daAuts
     D:2: 1201 daAuts
     D:1: 997 daAuts
     D:4: 631 daAuts
  Temple: 15 daAuts
